 Dungeon Crawl Stone Soup version 0.22.1-2-g9c5b331383 (webtiles) character file.

1467 Sice the Magician (level 8, -15/31 HPs)
             Began as a Felid Conjurer on Dec 9, 2018.
             Was a Believer of Sif Muna.
             Killed by an exploding fulminant prism (20 damage)
             ... created by the player character
             ... on level 6 of the Dungeon.
             The game lasted 01:46:02 (6590 turns).

Sice the Magician (Felid Conjurer)                  Turns: 6590, Time: 01:46:04

Health: -15/31     AC:  4    Str:  4    XL:     8   Next: 48%
Magic:  5/20       EV: 19    Int: 16    God:    Sif Muna [**....]
Gold:   374        SH:  0    Dex: 17    Spells: 2/21 levels left
                                        Lives:  0   Deaths: 2

rFire    . . .     SeeInvis +   (weapon unavailable)
rCold    . . .     Gourm    .   (shield unavailable)
rNeg     + . .     Faith    .   (armour unavailable)
rPois    .         Spirit   .   (helmet unavailable)
rElec    .         Reflect  .   (cloak unavailable)
rCorr    .         Harm     .   (gloves unavailable)
MR       +....                  (boots unavailable)
Stlth    +++.......             d - amulet of magic regeneration
HPRegen  0.10/turn              g - ring of see invisible
MPRegen  0.42/turn              l - ring of positive energy

@: quick
A: very small, no armour, no weapons or thrown items, stealth, claws 1, fangs 3,
slimy green scales 1, see invisible, carnivore, dopey 1, speed 1, shaggy fur 2,
slow metabolism 1, MP-powered wands, sharp paws
a: Divine Energy, Renounce Religion


You were on level 6 of the Dungeon.
You worshipped Sif Muna.
Sif Muna was pleased with you.
You were very full.

You visited 2 branches of the dungeon, and saw 7 of its levels.

You collected 374 gold pieces.

Inventory:

Jewellery
 d - an amulet of magic regeneration (around neck)
 g - a ring of see invisible (left paw)
 i - an uncursed amulet of guardian spirit
 l - a ring of positive energy (right paw)
Wands
 c - a wand of clouds (6)
 o - a wand of random effects (29)
 s - a wand of scattershot (4)
 v - a wand of iceblast (8)
Scrolls
 a - a scroll of magic mapping {unknown}
 e - 4 scrolls of remove curse
 f - 2 scrolls of identify
 h - a scroll of random uselessness {unknown}
 k - 3 scrolls of fear {unknown}
 n - 3 scrolls of noise {unknown}
 p - 4 scrolls of enchant weapon {unknown}
Potions
 j - a potion of agility
 m - a potion of lignification
 q - 3 potions of mutation
 r - 3 potions of cancellation
 t - a potion of berserk rage
 u - 2 potions of curing
Comestibles
 b - 7 rations


   Skills:
 + Level 0.3 Fighting
 + Level 3.4 Dodging
 + Level 4.4 Stealth
 + Level 7.4 Spellcasting
 + Level 7.2 Conjurations
 + Level 5.9 Hexes
 + Level 1.0 Summonings
 + Level 0.3 Evocations


You had 2 spell levels left.
You knew the following spells:

 Your Spells              Type           Power        Failure   Level  Hunger
a - Magic Dart            Conj           ####         1%          1    None
b - Searing Ray           Conj           ####..       1%          2    None
c - Dazzling Spray        Conj/Hex       ####..       2%          3    ##.....
d - Iskenderun's Mystic   Conj           ####....     6%          4    ####...
e - Fulminant Prism       Conj/Hex       ####......   8%          4    ####...
f - Summon Guardian Gole  Hex/Summ       ###.....     9%          3    ##.....
g - Call Imp              Summ           #.......     12%         2    None

Your spell library contained the following spells:

 Spells                   Type           Power        Failure   Level  Hunger
 Summon Small Mammal      Summ           #...         8%          1    None
 Call Canine Familiar     Summ           #.......     24%         3    ##.....
 Force Lance              Conj/Tloc      ###.....     26%         4    ####...
 Summon Ice Beast         Ice/Summ       #.......     67%         4    ####...
 Summon Lightning Spire   Summ/Air       #.......     67%         4    ####...


Dungeon Overview and Level Annotations

Branches:
Dungeon (6/15)             Temple (1/1) D:4

Altars:
Ashenzari
Cheibriados
Dithmenos
Elyvilon
Gozag
Makhleb
Nemelex Xobeh
Okawaru
Ru
Sif Muna
Trog
Wu Jian
Xom
Yredelemnul
Lugonu


Innate Abilities, Weirdness & Mutations

You cannot wear armour.
You are incapable of wielding weapons or throwing items.
Your paws allow you to move quietly. (Stealth)
You have sharp claws.
You have razor-sharp teeth.
You have supernaturally acute eyesight. (SInv)
You are carnivorous and can eat meat at any time.
You cover ground quickly.
You are covered in thick fur. (AC +2)
You have a slow metabolism.
Your sharp claws are effective at attacking unaware monsters.
You are partially covered in slimy green scales. (AC +2)
You are dopey. (Int -2)
You expend magic power (3 MP) to strengthen your wands.


Message History

Okay, then.
The crimson imp barely misses your guardian golem.
The crimson imp hits your guardian golem.
The crimson imp blinks!
Casting: Fulminant Prism (safe; 9% risk of failure)
Confirm with . or Enter, or press ? or * to list all spells.
Aiming: Fulminant Prism (safe; 9% risk of failure)
Press: ? - help, Dir - move target cursor, p - crimson imp You conjure a prism of explosive energy!
The crimson imp hits you.
* * * LOW HITPOINT WARNING * * *
Your fulminant prism crackles loudly.
The crimson imp hits your guardian golem but does no damage.
Your fulminant prism explodes!
The blast of energy engulfs the crimson imp.
You kill the crimson imp!
Sif Muna accepts your kill. The blast of energy engulfs you!
Ouch! That really hurt!
You die...

#.# #.# ####### #.# ......#
#.############# #####.#
##.##..........# #####.####
##...#.########.# ...).....#
#...8..# #.#
##....)..####...#.# #.#
##.#.........p..@.# #.#
....).########.#### #.#
#..#.## #># #.# #.##.# ##'##
#.# #.##.# ##...## #.# .....#
##.....## ###.# ######
##.......## ##.#.##
##..######.........####..p..#
##.###...'.........'[p..p...#


You could see a neutral freed slave (wandering) and a friendly guardian golem.

Vanquished Creatures
  Grinder (D:3)
  Eustachio (D:4)
  Menkaure (D:4)
  Edmund (D:4)
  An orc warrior (D:6)
  2 ogres
  3 crimson imps
  2 orc wizards (D:5)
  3 orc priests
  A jelly (D:6)
  A gnoll shaman (D:4)
  2 iguanas (D:4)
  2 worker ants
  2 hound skeletons
  Robin (D:2)
  5 adders
  11 gnolls
  A howler monkey skeleton (D:4)
  2 shadow imps (D:5)
  An ooze (D:3)
  An adder zombie (D:4)
  3 worms
  3 dart slugs
  6 leopard geckos
  16 orcs
  2 ball pythons
  6 bats
  2 giant cockroaches (D:3)
  19 goblins
  8 hobgoblins
  10 jackals
  3 quokkas
  2 frilled lizards
  4 kobolds
  2 quokka skeletons (D:4)
  5 rats
136 creatures vanquished.

Vanquished Creatures (others)
  Pikel (D:6)
  A slave (D:6)
  An ogre (D:6)
  2 orcs (D:6)
  22 fulminant prisms
27 creatures vanquished.

Grand Total: 163 creatures vanquished

Notes
Turn   | Place    | Note
-------+----------+-------------------------------------------
     0 | D:1      | Sice the Felid Conjurer began the quest for the Orb.
     0 | D:1      | Reached XP level 1. HP: 7/7 MP: 4/4
   178 | D:1      | Reached XP level 2. HP: 11/11 MP: 3/6
   183 | D:1      | Learned a level 2 spell: Searing Ray
  1121 | D:2      | Reached XP level 3. HP: 14/14 MP: 4/7
  1126 | D:2      | Learned a level 3 spell: Dazzling Spray
  1411 | D:2      | Noticed Robin
  1622 | D:2      | Killed Robin
  1622 | D:2      | Reached XP level 4. HP: 18/18 MP: 2/9
  2171 | D:3      | Found a shattered altar of Ashenzari.
  2295 | D:3      | Reached XP level 5. HP: 21/21 MP: 2/10
  2345 | D:3      | Learned a level 4 spell: Iskenderun's Mystic Blast
  2453 | D:3      | Noticed Grinder
  2463 | D:3      | Killed by miscasting Iskenderun's Mystic Blast
  2464 | D:3      | Reached XP level 4. HP: -9/18 MP: 4/10
  2567 | D:3      | Paralysed by Grinder for 4 turns
  2595 | D:3      | Paralysed by Grinder for 3 turns
  2598 | D:3      | Killed Grinder
  2598 | D:3      | Reached skill level 5 in Conjurations
  2598 | D:3      | Reached skill level 1 in Hexes
  2598 | D:3      | Reached XP level 5. HP: 13/21 MP: 1/12
  2598 | D:3      | Gained mutation: You are covered in thick fur. (AC +2)
                  | [Felid growth]
  2598 | D:3      | Reached XP level 6. HP: 15/24 MP: 1/13
  3107 | D:4      | Noticed Menkaure
  3112 | D:4      | Killed Menkaure
  3165 | D:4      | Found a staircase to the Ecumenical Temple.
  3177 | D:4      | Learned a level 4 spell: Fulminant Prism
  3197 | Temple   | Entered the Ecumenical Temple
  3319 | Temple   | Became a worshipper of Sif Muna the Loreminder
  3385 | D:4      | Reached skill level 5 in Spellcasting
  3385 | D:4      | Reached XP level 7. HP: 27/27 MP: 8/15
  3407 | D:4      | Noticed Eustachio
  4058 | D:4      | Noticed Edmund
  4259 | D:4      | HP: 1/27 [iguana (15)]
  4346 | D:4      | Killed Edmund
  4865 | D:4      | Slain by a river rat
  4866 | D:4      | Reached XP level 6. HP: -1/24 MP: 2/15
  4987 | D:4      | Killed Eustachio
  4987 | D:4      | Reached * piety under Sif Muna
  4987 | D:4      | Reached XP level 7. HP: 27/27 MP: 1/16
  5393 | D:5      | Entered Level 5 of the Dungeon
  5461 | D:5      | Found a shadowy altar of Dithmenos.
  5489 | D:5      | Gained mutation: You are partially covered in slimy green
                  | scales. (AC +2) [potion of mutation]
  5489 | D:5      | Gained mutation: You are dopey. (Int -2) [potion of
                  | mutation]
  5489 | D:5      | Gained mutation: You expend magic power (3 MP) to
                  | strengthen your wands. [potion of mutation]
  5573 | D:5      | Found a sacrificial altar of Ru.
  6118 | D:5      | Learned a level 3 spell: Summon Guardian Golem
  6130 | D:5      | Learned a level 2 spell: Call Imp
  6211 | D:6      | Noticed Pikel
  6215 | D:6      | HP: 1/28 [something[the player character] (27)]
  6228 | D:6      | Killed Pikel
  6228 | D:6      | Reached skill level 5 in Hexes
  6228 | D:6      | Reached skill level 1 in Summonings
  6228 | D:6      | Reached XP level 8. HP: 31/31 MP: 2/19
  6231 | D:6      | Reached ** piety under Sif Muna
  6416 | D:6      | Found a basalt altar of Yredelemnul.
  6499 | D:6      | Found a shimmering altar of Xom.
  6524 | D:6      | HP: 1/31 [orc warrior/halberd (21)]
  6590 | D:6      | Killed by an exploding fulminant prism

Skill      XL: |  1  2  3  4  5  6  7 |
---------------+----------------------+-----
Stealth        | 3 4 |  4.4
Conjurations   | 4 5 7 |  7.2
Spellcasting   | 4 5 7 |  7.4
Hexes          | 1 4 5 |  5.9
Dodging        | 3 |  3.4
Summonings     | 1 |  1.0
Fighting       | |  0.3
Evocations     | |  0.3

Action                   |  1- 3 |  4- 6 |  7- 9 || total
-------------------------+-------+-------+-------++-------
Melee: Unarmed           |    56 |     1 |     4 ||    61
       Bite              |     9 |       |     1 ||    10
 Cast: Magic Dart        |    58 |    69 |    82 ||   209
       Searing Ray       |     9 |    16 |    48 ||    73
       Dazzling Spray    |     5 |    10 |    25 ||    40
       Iskenderun's Myst |       |     8 |    11 ||    19
       Fulminant Prism   |       |     1 |    22 ||    23
       Summon Guardian G |       |       |    11 ||    11
       Call Imp          |       |       |     2 ||     2
Evoke: Wand              |       |     1 |     7 ||     8
  Use: Scroll            |       |     4 |     5 ||     9
       Potion            |       |     1 |     3 ||     4
  Eat: Chunk             |    10 |     4 |    12 ||    26
       Ration            |       |       |     3 ||     3
Armor: Skin              |       |       |    20 ||    20
Dodge: Dodged            |     5 |     7 |    93 ||   105
